 Dungeon Crawl Stone Soup version 0.29.0-4-gdea44cf6ec (webtiles) character file.

Game seed: 15428460412939541330

115 qw the Chopper (level 5, -1/30 HPs)
             Began as a Tengu Warper on Aug 29, 2022.
             Slain by a gnoll
             ... wielding a +0 halberd
              (6 damage)
             ... on level 3 of the Dungeon.
             The game lasted 00:00:58 (2234 turns).

qw the Chopper (Tengu Warper)                       Turns: 2234, Time: 00:00:59

Health: -1/30      AC:  6    Str: 14    XL:     5   Next: 0%
Magic:  9/9        EV: 13    Int: 13    God:
Gold:   232        SH:  0    Dex: 13    Spells: 8/8 levels left

rFire   . . .      SeeInvis .   Y - +5 hand axe
rCold   . . .      Faith    .   (no shield)
rNeg    . . .      Spirit   .   d - +0 ring mail
rPois   .          Reflect  .   (helmet restricted)
rElec   .          Harm     .   a - +0 cloak
rCorr   .          Rampage  .   (no gloves)
Will    .....                   (boots unavailable)
Stlth   +.........              (no amulet)
HPRegen 0.10/turn               (no ring)
MPRegen 0.11/turn               (no ring)

@: flying quickly and evasively, quick
A: beak, talons 3, nimble flight
a: no special abilities


You were on level 3 of the Dungeon.
You visited 1 branch of the dungeon, and saw 3 of its levels.

You collected 232 gold pieces.


Innate Abilities, Weirdness & Mutations

You have a beak for a mouth.
You have claws for feet.
Your magical nature lets you fly swiftly and evasively.


   Skills:
 - Level 2.0 Fighting
 + Level 5.5 Axes
 - Level 1.0 Throwing
 - Level 1.1 Armour
 - Level 2.1 Dodging
 - Level 2.0 Spellcasting
 - Level 2.4 Translocations


You had 8 spell levels left.
You didn't know any spells.
Your spell library contained the following spells:

 Spells                   Type           Power      Damage    Failure   Level
 Blink                    Tloc           14%        N/A       30%         2
 Gell's Gravitas          Tloc           7%         N/A       52%         3
 Lesser Beckoning         Tloc           7%         N/A       52%         3
 Teleport Other           Tloc           7%         N/A       52%         3
 Manifold Assault         Tloc           7%         N/A       99%         5

Inventory:

Hand Weapons
 j - a +0 flail
 Y - a +5 hand axe (weapon)
Missiles
 e - 5 boomerangs (quivered)
Armour
 a - a +0 cloak (worn)
 d - a +0 ring mail (worn)
Jewellery
 i - an amulet of regeneration
Scrolls
 b - a scroll of identify
 g - 2 scrolls of poison {unknown}
Potions
 c - a potion of invisibility {unknown}
 f - a potion of might
 m - a potion of heal wounds {unknown}
 n - a potion of mutation {unknown}

Dungeon Overview and Level Annotations

Branches:
Dungeon (3/15)

Altars:

Annotations:
D:2 1 runed translucent door, Crazy Yiuf


Message History

You closely miss the gnoll. Your peck misses the gnoll.
The gnoll closely misses you.
You hit the gnoll. Your kick misses the gnoll.
The gnoll is heavily wounded.
You hit the gnoll. The gnoll closely misses you. The gnoll misses you.
The gnoll barely misses you.
You barely miss the gnoll. Your kick misses the gnoll.
The gnoll is heavily wounded.
You closely miss the gnoll. The gnoll hits you with a +0 whip.
The gnoll closely misses you. The gnoll hits you but does no damage.
You hit the gnoll. You claw the gnoll.
The gnoll is severely wounded.
You hit the gnoll.
The gnoll closely misses you. x2; The gnoll hits you with a +0 halberd.
You hit the gnoll.
The gnoll is almost dead.
You hit the gnoll. The gnoll hits you with a +0 whip.
The gnoll closely misses you. The gnoll hits you with a +0 halberd!
You hit the gnoll but do no damage. You claw the gnoll, but do no damage.
You peck the gnoll.
You kill the gnoll!
You barely miss the gnoll. The gnoll closely misses you. x2
You hit the gnoll.
You kill the gnoll!
The gnoll hits you but does no damage.
You have reached level 5!
Your magical nature develops, letting you fly swiftly and evasively.
The gnoll hits you but does no damage.
Things that are here:
a +0 whip; a gnoll corpse You slash the gnoll!
The gnoll is severely wounded.
The gnoll completely misses you.
You barely miss the gnoll.
The gnoll is severely wounded.
The gnoll hits you with a +0 halberd.
You die...

.#.#####..########......####.#
.#.####[.......#.+......# #.#
.......%....##.#.#......# #.#
.#.#####.....#.#.#......# #.#
.#.#######...#.#.###########'####
............<#.#.# #...(...%...
#..#######..##.#.# #...........
...............#g# #...........
#%.##########.##@# #...........
#....)....).)>..)# #....#..#...
#.################ #....#..#...
#.# #.####..#### #.# ###........#
#.# ########.# #.# # #...# #.#
#.### #.# # #...#


You could see a gnoll.

Vanquished Creatures
  3 gnolls (D:3)
  2 adders
  3 worms (D:3)
  5 ball pythons
  5 endoplasms
  2 giant cockroaches
  6 goblins
  6 hobgoblins
  4 jackals (D:2)
  2 kobolds (D:1)
  3 quokkas
  5 bats
  4 frilled lizards
  7 rats
57 creatures vanquished.

Notes
Turn   | Place    | Note
-------+----------+-------------------------------------------
     0 | D:1      | qw the Tengu Warper began the quest for the Orb.
     0 | D:1      | Reached XP level 1. HP: 12/12 MP: 4/4
     0 | D:1      | 0 ||| qw: Version: 0.1-a-89-g26bdef1
     0 | D:1      | 0 ||| qw: Game counter: 3578
     0 | D:1      | 0 ||| qw: Always use a shield: true
     0 | D:1      | 0 ||| qw: God list: Okawaru
     0 | D:1      | 0 ||| qw: Allow faded altars: false
     0 | D:1      | 0 ||| qw: Do Orc after D:15 true
     0 | D:1      | 0 ||| qw: Do second Lair branch before Depths: true
     0 | D:1      | 0 ||| qw: Lair rune preference: random
     0 | D:1      | 0 ||| qw: Plans: Normal
     0 | D:1      | 0 ||| PLANNING D:1-11
    45 | D:1      | HP: 3/12 [goblin/+0 club (3)]
   262 | D:1      | 262 ||| DROPPING +0 club.
   284 | D:1      | 284 ||| SWAPPING to +4 hand axe.
   285 | D:1      | 285 ||| DROPPING +0 hand axe.
   287 | D:1      | 287 ||| Stepping ~*~*~tactically~*~*~ (stealth).
   289 | D:1      | 289 ||| Stepping ~*~*~tactically~*~*~ (stealth).
   291 | D:1      | Reached XP level 2. HP: 17/17 MP: 6/6
   293 | D:1      | 293 ||| Stepping ~*~*~tactically~*~*~ (stealth).
   294 | D:1      | 294 ||| Stepping ~*~*~tactically~*~*~ (stealth).
   302 | D:1      | Reached skill level 3 in Axes
   326 | D:1      | Found a faded altar of an unknown god.
   408 | D:1      | 408 ||| Stepping ~*~*~tactically~*~*~ (stealth).
   756 | D:1      | 756 ||| UPGRADING to +0 ring mail.
   766 | D:1      | 766 ||| DROPPING +0 leather armour.
   767 | D:1      | 767 ||| READING scroll labelled LOLUIFENNI.
   768 | D:1      | 768 ||| READING scroll labelled DOIVIF NOXISHRI.
   769 | D:1      | 769 ||| READING scroll labelled AMITUUMNUKIS.
   770 | D:1      | 770 ||| READING scroll labelled RYFIRUYPLU.
   771 | D:1      | 771 ||| READING scroll labelled GEPOIFIR NISA.
   772 | D:1      | 772 ||| DRINKING 2 bubbling silvery potions.
   773 | D:1      | 773 ||| DROPPING scroll of blinking.
   816 | D:2      | Reached XP level 3. HP: 21/21 MP: 7/7
   838 | D:2      | Reached skill level 4 in Axes
  1200 | D:2      | Found a runed translucent door.
  1201 | D:2      | Noticed Crazy Yiuf
  1431 | D:2      | 1431 ||| Stepping ~*~*~tactically~*~*~ (stealth).
  1442 | D:2      | 1442 ||| FLEEEEING.
  1443 | D:2      | 1443 ||| FLEEEEING.
  1444 | D:2      | 1444 ||| FLEEEEING.
  1445 | D:2      | 1445 ||| FLEEEEING.
  1446 | D:2      | 1446 ||| FLEEEEING.
  1447 | D:2      | 1447 ||| FLEEEEING.
  1448 | D:2      | 1448 ||| FLEEEEING.
  1450 | D:2      | 1450 ||| FLEEEEING.
  1451 | D:2      | 1451 ||| FLEEEEING.
  1452 | D:2      | 1452 ||| FLEEEEING.
  1453 | D:2      | 1453 ||| STAIRDANCE
  1526 | D:1      | 1526 ||| UPGRADING to +0 cloak.
  1531 | D:1      | 1531 ||| READING 2 scrolls labelled UGEGGE WOEDA.
  1532 | D:1      | 1532 ||| READING scroll labelled YNGIEM YDWAJAI.
  1535 | D:1      | 1535 ||| READING scroll labelled OTANYS CAENI.
  1698 | D:2      | 1698 ||| Stepping randomly (stuck).
  1737 | D:3      | Reached XP level 4. HP: 26/26 MP: 8/8
  1880 | D:3      | 1880 ||| Stepping ~*~*~tactically~*~*~ (stealth).
  1981 | D:3      | Reached skill level 5 in Axes
  2205 | D:3      | 2205 ||| DROPPING +0 mace.
  2222 | D:3      | 2222 ||| Stepping ~*~*~tactically~*~*~ (hiding).
  2229 | D:3      | HP: 4/26 [gnoll/+0 halberd (11)]
  2232 | D:3      | Gained mutation: Your magical nature lets you fly swiftly
                  | and evasively. [Tengu growth]
  2232 | D:3      | Reached XP level 5. HP: 4/30 MP: 9/9
  2234 | D:3      | Slain by a gnoll

Levels and vault maps discovered:
D:1:      lemuel_arrival_cross, layout_rooms, basic_ecumenical_altar,
          st_stairs_7
D:2:      layout_basic, uniq_crazy_yiuf_cottage
D:3:      layout_basic, bh_walls_and_bars

Skill      XL: |  1  2  3  4 |
---------------+-------------+-----
Axes           | 3 4 5 |  5.5
Fighting       | |  2.0
Throwing       | |  1.0
Armour         | |  1.1
Dodging        | |  2.1
Spellcasting   | |  2.0
Translocations | |  2.4

Action                   |  1- 3 |  4- 6 || total
-------------------------+-------+-------++-------
Melee: Hand axe          |    54 |    34 ||    88
       Kick              |    11 |    10 ||    21
       Peck              |     4 |     8 ||    12
Throw: Boomerang         |    57 |    22 ||    79
  Use: Scroll            |     8 |       ||     8
       Potion            |     1 |       ||     1
Armor: Leather armour    |     1 |       ||     1
       Ring mail         |     6 |     8 ||    14
Dodge: Dodged            |    17 |    18 ||    35

Table legend:
 A = Non-vault XP
 B = Vault XP
 C = Vault XP percentage of total XP
 D = Non-vault monster count
 E = Vault monster count
 F = Vault count percentage of total count
                 A         B        C        D         E       F
            +---------+---------+-------+---------+---------+-------
      Total |     163 |       2 |   1.2 |      56 |       1 |   1.8
            +---------+---------+-------+---------+---------+-------
        D:1 |      30 |       2 |   6.2 |      17 |       1 |   5.6
        D:2 |      48 |       0 |   0.0 |      23 |       0 |   0.0
        D:3 |      85 |       0 |   0.0 |      16 |       0 |   0.0
            +---------+---------+-------+---------+---------+-------
